 Dungeon Crawl Stone Soup version 0.29.1-2-gbd0b4ee654 (webtiles) character file.

Game seed: 1515684411684044825

133 styxcanada the Covert (level 4, -2/23 HPs)
             Began as a Spriggan Brigand on Nov 17, 2022.
             Killed by divine providence
             ... invoked by an orc priest
              (13 damage)
             ... on level 4 of the Dungeon.
             The game lasted 00:10:32 (2506 turns).

styxcanada the Covert (Spriggan Brigand)            Turns: 2506, Time: 00:10:33

Health: -2/23      AC:  4    Str:  7    XL:     4   Next: 93%
Magic:  5/5        EV: 17    Int: 18    God:
Gold:   141        SH:  0    Dex: 18    Spells: 3/3 levels left

rFire   . . .      SeeInvis +   a - +2 dagger
rCold   . . .      Faith    .   (no shield)
rNeg    . . .      Spirit   .   b - +1 robe
rPois   .          Reflect  .   (helmet restricted)
rElec   .          Harm     .   c - +0 cloak
rCorr   .          Rampage  .   (gloves unavailable)
Will    .....                   (boots unavailable)
Stlth   ++++......              t - amulet of regeneration
HPRegen 0.87/turn               l - +6 ring of intelligence
MPRegen 0.09/turn               p - ring of flight

@: flying, very quick
A: very small, no large weapons, unfitting armour, see invisible, speed 3
a: no special abilities


You were on level 4 of the Dungeon.
You visited 1 branch of the dungeon, and saw 4 of its levels.

You collected 141 gold pieces.

Inventory:

Hand Weapons
 a - a +2 dagger (weapon)
Missiles
 d - 11 poisoned darts (quivered)
 e - 3 curare-tipped darts
 g - 24 stones
Armour
 b - a +1 robe (worn)
 c - a +0 cloak (worn)
Magical Staves
 k - a staff of cold
Jewellery
 l - a +6 ring of intelligence (left hand)
 o - an amulet of faith
 p - a ring of flight (right hand)
 t - an amulet of regeneration (around neck)
Wands
 r - a wand of polymorph (5)
Scrolls
 s - a scroll of teleportation
Potions
 f - a potion of ambrosia
 h - a potion of cancellation {unknown}
 i - a potion of resistance
 j - 3 potions of curing {unknown}
 m - 2 potions of brilliance
 n - a potion of lignification {unknown}
 q - a potion of mutation {unknown}


   Skills:
 * Level 2.1 Fighting
 + Level 2.6 Short Blades
 + Level 2.0 Throwing
 * Level 2.4 Dodging
 * Level 8.5 Stealth


You had 3 spell levels left.
You didn't know any spells.
Your spell library was empty.

Dungeon Overview and Level Annotations

Branches:
Dungeon (4/15)
 Temple: D:4-7

Altars:

Shops:
D:4 *


Innate Abilities, Weirdness & Mutations

You are very small and have problems with some larger weapons.
You are too small for most types of armour.
You have supernaturally acute eyesight. (SInv)
You cover ground extremely quickly. (Speed+++)


Message History

An orc wizard comes into view. It is wielding a +0 dagger.
The orc wizard moves out of view.
An orc wizard comes into view. It is wielding a +0 dagger.
An orc priest and 2 orc wizards come into view.
An orc wizard is wielding a +0 dagger of freezing.
The orc wizard shouts!
The orc priest shouts!
The orc wizard shouts! x2
The orc wizard casts a spell.
The orc wizard flickers and vanishes for a moment.
The orc wizard points at you and mumbles some strange words.
The magic dart hits you.
Throw: 14 darts (poison)
Press: ? - help, Q - select action, (/) - cycle Shift-Dir - straight line, f - orc wizard
Aim: an orc wizard, wielding a +0 dagger of freezing and wearing a +0 robe (56% to hit)
You throw a poisoned dart.
The poisoned dart barely misses the orc wizard.
The poisoned dart barely misses the orc wizard.
The orc wizard casts a spell.
The orc wizard flickers and vanishes for a moment.
Throw: 13 darts (poison)
Press: ? - help, Q - select action, (/) - cycle Shift-Dir - straight line, f/p - orc wizard
Aim: an orc wizard, wielding a +0 dagger of freezing and wearing a +0 robe (56% to hit)
You throw a poisoned dart.
The poisoned dart misses the orc wizard.
The poisoned dart hits the orc priest.
The orc priest is poisoned.
The orc priest calls down the wrath of Beogh upon you.
Beogh smites you!
You hit the orc wizard.
The orc wizard is lightly wounded.
The orc wizard closely misses you.
Throw: 12 darts (poison)
Press: ? - help, Q - select action, (/) - cycle Shift-Dir - straight line, f/p - orc wizard
Aim: an orc wizard, wielding a +0 dagger of freezing and wearing a +0 robe (lightly wounded, 56% to hit)
You throw a poisoned dart.
The poisoned dart barely misses the orc wizard.
The poisoned dart hits the orc priest.
The orc priest looks even sicker.
The orc priest is lightly wounded.
The orc priest invokes the aid of Beogh against you.
Beogh smites you!
Ouch! That really hurt!
You die...

#.#.###.#####.#
....#.#.#......##.#
^.........#.##.##.## .o#
#...#.##.##..### #.#
#...........∩... ###o#
#......#.##..### # ...#
#...####.##..#
....###o#####........##..#
..o.(..oo.o@....#######..#
.#..##.######...# #... #.
#...# ####. #. #...# . #.
#...# .. ....> .. .......
.. .........


You could see an orc priest (very poisoned) and 3 orc wizards.

Vanquished Creatures
  A hound (D:4)
  A jelly (D:4)
  3 adders
  A worm (D:2)
  A dart slug (D:2)
  2 giant cockroaches (D:3)
  6 goblins
  2 hobgoblins (D:1)
  4 jackals (D:1)
  5 kobolds
  4 quokkas
  3 ball pythons
  A bat (D:3)
  2 frilled lizards
  6 rats
42 creatures vanquished.

Vanquished Creatures (others)
  A fungus (D:1)
1 creature vanquished.

Grand Total: 43 creatures vanquished

Notes
Turn   | Place    | Note
-------+----------+-------------------------------------------
     0 | D:1      | styxcanada the Spriggan Brigand began the quest for the
                  | Orb.
     0 | D:1      | Reached XP level 1. HP: 10/10 MP: 2/2
    40 | D:1      | Reached skill level 6 in Stealth
   156 | D:1      | Reached XP level 2. HP: 14/14 MP: 3/3
   296 | D:1      | You fall into a shaft and drop 1 floor!
   440 | D:2      | Reached skill level 7 in Stealth
   689 | D:1      | Found a faded altar of an unknown god.
   953 | D:2      | Reached XP level 3. HP: 18/18 MP: 4/4
  2193 | D:3      | Reached XP level 4. HP: 14/23 MP: 5/5
  2457 | D:4      | Reached skill level 8 in Stealth
  2460 | D:4      | Found Wicsen's Lightly-Used Armoury.
  2506 | D:4      | Killed from afar by an orc priest

Illustrated notes

Levels and vault maps discovered:
D:1:      amcnicky_arrival_gap_in_the_tavern_cellar, layout_basic,
          shapermc_ecumenical_altar_mp_urbaneastern
D:2:      layout_loops_cross
D:3:      layout_basic
D:4:      layout_loops_cross, minmay_shop_damaged, uniq_eustachio

Skill      XL: |  1  2  3  4 |
---------------+-------------+-----
Stealth        | 6 7 8 |  8.5
Fighting       | 2 |  2.1
Dodging        | 2 |  2.4
Short Blades   | |  2.6
Throwing       | |  2.0

Action                   |  1- 3 |  4- 6 || total
-------------------------+-------+-------++-------
Melee: Dagger            |   107 |     4 ||   111
Throw: Dart              |     2 |     3 ||     5
  Use: Scroll            |    10 |     3 ||    13
 Stab: Sleeping          |    17 |     3 ||    20
Armor: Robe              |    12 |       ||    12
Dodge: Dodged            |    55 |     1 ||    56
